 Dungeon Crawl Stone Soup version 0.26.1-11-gd32895ea62 (webtiles) character file.

Game seed: 787992665839150372

163 Zeld the Sneak (level 5, -7/25 HPs)
             Began as a Spriggan Brigand on May 31, 2021.
             Killed from afar by Robin (12 damage)
             ... with a puff of flame
             ... on level 3 of the Dungeon.
             The game lasted 00:04:12 (3815 turns).

Zeld the Sneak (Spriggan Brigand)                   Turns: 3815, Time: 00:04:13

Health: -7/25      AC:  3    Str:  7    XL:     5   Next: 20%
Magic:  6/6        EV: 17    Int: 13    God:
Gold:   53         SH:  0    Dex: 18    Spells: 4/4 levels left

rFire    . . .     SeeInvis +   a - +2 dagger
rCold    . . .     Faith    .   (shield restricted)
rNeg     . . .     Spirit   .   b - +0 robe
rPois    .         Reflect  .   (helmet restricted)
rElec    .         Harm     .   c - +0 cloak
rCorr    .         Rampage  .   (gloves unavailable)
Will     .....                  (boots unavailable)
Stlth    ++++......             (no amulet)
HPRegen  0.08/turn              (no ring)
MPRegen  0.10/turn              (no ring)

@: very quick
A: very small, unfitting armour, see invisible, speed 3
a: no special abilities


You were on level 3 of the Dungeon.
You visited 1 branch of the dungeon, and saw 3 of its levels.

You collected 53 gold pieces.

Inventory:

Hand Weapons
 a - a +2 dagger (weapon)
Missiles
 d - 8 poisoned darts (quivered)
 e - 2 curare-tipped darts
 i - 2 throwing nets
Armour
 b - a +0 robe (worn)
 c - a +0 cloak (worn)
Scrolls
 g - 2 scrolls of enchant weapon {unknown}
 h - a scroll of fog {unknown}
 k - 2 scrolls of teleportation {unknown}
 l - 3 scrolls of remove curse {unknown}
 n - a scroll of magic mapping {unknown}
 p - 3 scrolls of identify {unknown}
 r - a scroll of enchant armour {unknown}
Potions
 f - a potion of curing {unknown}
 j - a potion of degeneration {unknown}
 m - 5 potions of lignification {unknown}
 o - a potion of attraction {unknown}
 q - a potion of cancellation {unknown}


   Skills:
 - Level 1.5 Fighting
 * Level 5.1 Short Blades
 - Level 2.0 Throwing
 - Level 1.5 Dodging
 + Level 7.4 Stealth


You had 4 spell levels left.
You didn't know any spells.
Your spell library was empty.

Dungeon Overview and Level Annotations

Branches:
Dungeon (3/15)

Altars:
Beogh

Annotations:
D:3 3 runed translucent doors, Robin; Zeld's ghost, amateur OpTm


Innate Abilities, Weirdness & Mutations

You are very small and have problems with some larger weapons.
You are too small for most types of armour.
You have supernaturally acute eyesight. (SInv)
You cover ground extremely quickly.


Message History

Robin closely misses you.
You hit Robin but do no damage.
Robin is almost dead.
Robin roars a battlecry!
The goblins go into a battle-frenzy!
You hit Robin but do no damage.
Robin is almost dead.
You closely miss Robin.
Robin is almost dead.
Robin hits you with a +0 short sword.
* * * LOW HITPOINT WARNING * * *
You closely miss Robin.
Robin is almost dead.
Robin closely misses you.
You hit Robin.
Robin is almost dead.
You barely miss Robin.
Robin is almost dead.
Robin zaps a wand.
The puff of flame hits you!
You die...

##.............##
#...............#########
#....)..........##.....#.
#...............#........
#........................
#....).....(.............
##....<........#.).......
##....†.................
##..##@#####.#......... #.
##.###g##....#......... #. #..#
#gg..#####(.......
#.#######.####g.####......)<...
.....................##.#####.#
#.........##..#.g#######.# #.#
##.#...............# #.# #.#
#..#..#....######..### #.# #.#
#.......### #....## #.# #.#


You could see Robin, 3 hobgoblins and a goblin (strong).

Vanquished Creatures
  Jessica (D:3)
  A hound skeleton (D:2)
  5 adders
  2 worms (D:3)
  3 dart slugs
  2 leopard geckos (D:2)
  2 orcs
  3 giant cockroaches
  10 hobgoblins
  5 jackals (D:1)
  4 bats
  6 frilled lizards
  12 goblins
  2 kobolds
  7 rats
65 creatures vanquished.

Notes
Turn   | Place    | Note
-------+----------+-------------------------------------------
     0 | D:1      | Zeld the Spriggan Brigand began the quest for the Orb.
     0 | D:1      | Reached XP level 1. HP: 10/10 MP: 2/2
   129 | D:1      | Reached skill level 6 in Stealth
   355 | D:1      | Reached XP level 2. HP: 6/14 MP: 3/3
   929 | D:2      | Reached XP level 3. HP: 15/18 MP: 4/4
  2148 | D:2      | Reached XP level 4. HP: 18/22 MP: 5/5
  2612 | D:3      | Reached skill level 7 in Stealth
  3199 | D:3      | Found a runed translucent gate.
  3199 | D:3      | Identified the cursed +3 hunting sling of the Jumping
                  | Scavenger {vorpal, rF+ rC+}
  3237 | D:3      | Noticed Jessica
  3240 | D:3      | Killed Jessica
  3241 | D:3      | Reached XP level 5. HP: 25/25 MP: 6/6
  3248 | D:3      | Found a runed translucent gate.
  3248 | D:3      | Found a runed translucent gate.
  3248 | D:3      | Noticed Zeld's ghost (amateur OpTm)
  3251 | D:3      | Found a roughly hewn altar of Beogh.
  3296 | D:3      | Reached skill level 5 in Short Blades
  3341 | D:3      | Noticed Robin
  3815 | D:3      | Killed from afar by Robin

Illustrated notes

Levels and vault maps discovered:
D:1:      lemuel_arrival_room, layout_rooms
D:2:      layout_basic
D:3:      layout_rooms, biasface_ghost_orc_armoury, uniq_robin, uniq_jessica

Skill      XL: |  1  2  3  4  5 |
---------------+----------------+-----
Stealth        | 6 7 |  7.4
Short Blades   | 3 4 5 |  5.1
Fighting       | |  1.5
Throwing       | |  2.0
Dodging        | |  1.5

Action                   |  1- 3 |  4- 6 || total
-------------------------+-------+-------++-------
Melee: Dagger            |   127 |   149 ||   276
Throw: Dart              |     1 |       ||     1
 Stab: Sleeping          |    12 |    10 ||    22
       Distracted        |       |     1 ||     1
Armor: Robe              |    13 |    14 ||    27
Dodge: Dodged            |    81 |    64 ||   145
